 Dungeon Crawl Stone Soup version 0.27-a0-802-gbe893936b8 (webtiles) character file.

Game seed: 14797952853495458983

756 Berker the Digger (level 7, 0/36 HPs)
             Began as a Gargoyle Earth Elementalist on Mar 28, 2021.
             Was an Initiate of Vehumet.
             Engulfed by a cloud of steam (10 damage)
             ... on level 6 of the Dungeon.
             The game lasted 00:07:38 (4186 turns).

Berker the Digger (Gargoyle Earth Elementalist)     Turns: 4186, Time: 00:07:39

Health: 0/36       AC:  8    Str: 12    XL:     7   Next: 79%
Magic:  0/14       EV: 19    Int: 17    God:    Vehumet [......]
Gold:   198        SH:  0    Dex: 10    Spells: 6/15 levels left

rFire    . . .     SeeInvis .   i - +2 short sword (venom)
rCold    . . .     Faith    .   (no shield)
rNeg     + . .     Spirit   .   c - +1 robe
rPois    ∞         Reflect  .   d - +0 helmet
rElec    +         Harm     .   (no cloak)
rCorr    .         Rampage  .   (no gloves)
Will     .....                  (no boots)
Stlth    ++........             m - amulet of regeneration
HPRegen  1.12/turn              l - +4 ring of evasion
MPRegen  0.14/turn              p - +4 ring of evasion

@: no status effects
A: AC +4, negative energy resistance 1, electricity resistance, torment
resistance 1, unbreathing 1, petrification resistance
a: Renounce Religion


You were on level 6 of the Dungeon.
You worshipped Vehumet.
Vehumet was noncommittal.
You visited 2 branches of the dungeon, and saw 7 of its levels.

You collected 198 gold pieces.

Inventory:

Hand Weapons
 h - a +0 mace
 i - a +2 short sword of venom (weapon)
Missiles
 b - 115 stones
Armour
 c - a +1 robe (worn)
 d - a +0 helmet (worn)
Jewellery
 k - a ring of fire
 l - a +4 ring of evasion (left hand)
 m - an amulet of regeneration (around neck)
 p - a +4 ring of evasion (right hand)
Wands
 r - a wand of paralysis (13)
Scrolls
 a - a scroll of fog
 f - a scroll of identify
 o - a scroll of amnesia
Potions
 e - a potion of magic {unknown}
 g - a potion of resistance
 j - a potion of curing
 n - a potion of flight
 q - 2 potions of invisibility {unknown}
 s - 2 potions of haste {unknown}


   Skills:
 - Level 1.5 Dodging
 - Level 2.1 Stealth
 + Level 4.9 Spellcasting
 + Level 4.7 Conjurations
 - Level 0.7 Transmutations
 + Level 7.0 Earth Magic


You had 6 spell levels left.
You knew the following spells:

 Your Spells              Type           Power      Damage    Failure   Level
a - Sandblast             Erth           56%        2d13      1%          1
b - Stone Arrow           Conj/Erth      48%        3d10      3%          3
c - Lee's Rapid Deconstr  Erth           14%        3d10*     22%         5

Your spell library contained the following spells:

 Spells                   Type           Power      Damage    Failure   Level
 Passwall                 Tmut/Erth      14%        N/A       4%          2
 Petrify                  Tmut/Erth      17%        N/A       28%         4
 Confusing Touch          Hex            4%         N/A       41%         3
 Gell's Gravitas          Tloc           2%         N/A       41%         3
 Yara's Violent Unravell  Hex/Tmut       2%         3d3       98%         5
 Metabolic Englaciation   Hex/Ice        2%         N/A       99%         5


Dungeon Overview and Level Annotations

Branches:
Dungeon (6/15)             Temple (1/1) D:5

Altars:
Cheibriados
Dithmenos
Fedhas
Nemelex Xobeh
Okawaru
Qazlal
Ru
Sif Muna
Trog
Uskayaw
Vehumet
Wu Jian
Yredelemnul
The Shining One


Innate Abilities, Weirdness & Mutations

Your stone body is resilient. (AC +4)
You are immune to poison.
You resist negative energy. (rN+)
You are resistant to electric shocks. (rElec)
You are resistant to unholy torment.
You can survive without breathing.
You are immune to petrification.


Message History

Casting: Sandblast (safe; 1% risk of failure)
Confirm with . or Enter, or press ? or * to list all spells.
Aiming: Sandblast (safe; 1% risk of failure)
Press: ? - help, Shift-Dir - straight line, f/p - steam dragon
Aim: a steam dragon (heavily wounded, catching its breath, 19% to evade)
The blast of sand hits the steam dragon.
The steam dragon is severely wounded.
You are engulfed in a cloud of scalding steam.
* * * LOW HITPOINT WARNING * * *
The steam dragon bites you.
* * * LOW HITPOINT WARNING * * *
The steam dragon completely misses you. The steam dragon closely misses you.
The steam dragon misses you.
Casting: Sandblast (safe; 1% risk of failure)
Confirm with . or Enter, or press ? or * to list all spells.
Aiming: Sandblast (safe; 1% risk of failure)
Press: ? - help, Shift-Dir - straight line, f/p - steam dragon
Aim: a steam dragon (severely wounded, catching its breath, 19% to evade)
The blast of sand misses the steam dragon.
The steam dragon misses you. The steam dragon closely misses you.
Unknown command.
Casting: Sandblast (safe; 1% risk of failure)
Confirm with . or Enter, or press ? or * to list all spells.
Aiming: Sandblast (safe; 1% risk of failure)
Press: ? - help, Shift-Dir - straight line, f/p - steam dragon
Aim: a steam dragon (severely wounded, 19% to evade)
The blast of sand hits the steam dragon.
The steam dragon is severely wounded.
The steam dragon breathes steam at you. The ball of steam misses you.
Casting: Sandblast (safe; 1% risk of failure)
Confirm with . or Enter, or press ? or * to list all spells.
Aiming: Sandblast (safe; 1% risk of failure)
Press: ? - help, Shift-Dir - straight line, f/p - steam dragon
Aim: a steam dragon (severely wounded, catching its breath, 19% to evade)
The blast of sand hits the steam dragon!
You kill the steam dragon!
Vehumet accepts your kill.
You are engulfed in a cloud of scalding steam.
You die...

.......#####.##....#####.
..........##.........##..
#.........#...##.....###.
.?............##.....####
#......... #..#.........#
.........####...........#
.............§#....###...
..............#..>###....
........@..).##)####.....
............)##.###...##.
......!...#..#.......# #.
...............##..### #.
..##...........###.... ..
. .......................
...............# ##..
.......###...### . ....


There were no monsters in sight!

Vanquished Creatures
  A steam dragon (D:6)
  A phantom (D:5)
  2 scorpions (D:5)
  A water moccasin skeleton (D:5)
  A bullfrog zombie (D:6)
  2 jellies (D:5)
  A bullfrog skeleton (D:5)
  2 hounds
  An iguana (D:4)
  4 orc wizards
  Terence (D:3)
  A hound zombie (D:4)
  A howler monkey skeleton (D:5)
  6 adders
  An ufetubus (D:6)
  A worm (D:3)
  2 dart slugs
  12 orcs
  6 bats
  10 endoplasms
  3 giant cockroaches
  4 goblins
  10 hobgoblins
  14 jackals
  A kobold (D:4)
  5 quokkas
  4 ball pythons
  3 rats
101 creatures vanquished.

Vanquished Creatures (collateral kills)
  An iguana (D:4)
  A goblin (D:4)
2 creatures vanquished.

Grand Total: 103 creatures vanquished

Notes
Turn   | Place    | Note
-------+----------+-------------------------------------------
     0 | D:1      | Berker the Gargoyle Earth Elementalist began the quest for
                  | the Orb.
     0 | D:1      | Reached XP level 1. HP: 10/10 MP: 3/3
   116 | D:1      | Reached XP level 2. HP: 15/15 MP: 3/5
   158 | D:1      | Reached skill level 4 in Earth Magic
   765 | D:1      | Reached XP level 3. HP: 19/19 MP: 3/6
  1078 | D:1      | Learned a level 3 spell: Stone Arrow
  1126 | D:2      | Found an iron altar of Okawaru.
  1456 | D:2      | Found a glowing golden altar of the Shining One.
  1707 | D:3      | Reached XP level 4. HP: 24/24 MP: 8/8
  1712 | D:3      | Reached skill level 1 in Conjurations
  1753 | D:3      | Reached skill level 5 in Earth Magic
  1980 | D:3      | Found a stormy altar of Qazlal.
  1984 | D:3      | Noticed Terence
  2000 | D:3      | Killed Terence
  2001 | D:3      | Reached XP level 5. HP: 17/28 MP: 6/10
  2097 | D:3      | Learned a level 5 spell: Lee's Rapid Deconstruction
  2744 | D:4      | Reached XP level 6. HP: 31/32 MP: 11/11
  3087 | D:5      | Entered Level 5 of the Dungeon
  3113 | D:5      | Found a shadowy altar of Dithmenos.
  3295 | D:5      | Reached skill level 6 in Earth Magic
  3300 | D:5      | Reached XP level 7. HP: 36/36 MP: 5/13
  3855 | D:5      | Found a staircase to the Ecumenical Temple.
  3861 | Temple   | Entered the Ecumenical Temple
  3939 | Temple   | Became a worshipper of Vehumet
  4115 | D:6      | Reached skill level 7 in Earth Magic
  4170 | D:6      | Noticed a steam dragon
  4186 | D:6      | Killed a steam dragon
  4186 | D:6      | Engulfed by a cloud of steam

Illustrated notes

Levels and vault maps discovered:
D:1:      wander_arrival_chamber, layout_rooms
D:2:      layout_rooms, marbit_many_paths, okawaru_ov_weapons_minmay,
          serial_glass, glass_columns_a, glass_columns_b
D:3:      layout_basic, overflow_temple_1_default, uniq_terence
D:4:      layout_basic
D:5:      layout_loops_cross, grunt_dithmenos_smoke, minmay_temple_entry_fiery
D:6:      minmay_flawed_box, layout_cave_pools, basic_altar,
          minmay_quadrilaterals
Temple:   nicolae_temple_elliptical

Skill      XL: |  1  2  3  4  5  6  7 |
---------------+----------------------+-----
Earth Magic    | 4 5 6 7 |  7.0
Spellcasting   | 3 4 |  4.9
Conjurations   | 2 3 4 |  4.7
Dodging        | |  1.5
Stealth        | |  2.1
Transmutations | |  0.7

Action                   |  1- 3 |  4- 6 |  7- 9 || total
-------------------------+-------+-------+-------++-------
Melee: Unarmed           |    14 |       |       ||    14
       Short sword       |    23 |   146 |    57 ||   226
       Mace              |     1 |       |       ||     1
 Cast: Sandblast         |    36 |     9 |    22 ||    67
       Stone Arrow       |       |       |     3 ||     3
  Use: Potion            |     1 |       |     1 ||     2
       Scroll            |     8 |     4 |       ||    12
 Stab: Sleeping          |     1 |     2 |     3 ||     6
Armor: Robe              |    17 |    39 |    22 ||    78
Dodge: Dodged            |    42 |   124 |    77 ||   243

Table legend: (Time is in decaauts)
 A = Elapsed time spent in this place.
 B = Non-inter-level travel time spent in this place.
 C = Inter-level travel time spent in this place.
 D = Time resting spent in this place.
 E = Time spent auto-exploring this place.
 F = Levels seen in this place.
 G = Mean time per level.
                   A        B        C        D        E       F      G
               +--------+--------+--------+--------+--------+-----+--------+
         Total |   4206 |   4026 |    180 |    400 |   2775 |   7 |  600.9 |
       Dungeon |   4107 |   3961 |    146 |    400 |   2711 |   6 |  684.5 |
        Temple |     99 |     65 |     34 |      0 |     64 |   1 |   99.0 |
               +--------+--------+--------+--------+--------+-----+--------+

Top non-repeatable levels by time:
     D:1: 884 daAuts
     D:5: 837 daAuts
     D:2: 782 daAuts
     D:4: 776 daAuts
     D:3: 657 daAuts
     D:6: 168 daAuts
  Temple: 99 daAuts
